 Dungeon Crawl Stone Soup version 0.25.0-15-gac7dcb8919 (webtiles) character file.

Game seed: 8982682383067138187

847 Delamore the Cleaver (level 8, -2/64 HPs)
             Began as a Hill Orc Monk on June 29, 2020.
             Was a Believer of Okawaru.
             Slain by an ogre
             ... wielding a +0 giant club
              (19 damage)
             ... on level 5 of the Dungeon.
             The game lasted 00:06:08 (5659 turns).

Delamore the Cleaver (Hill Orc Monk)                Turns: 5659, Time: 00:06:09

Health: -2/64      AC: 10    Str: 16    XL:     8   Next: 0%
Magic:  8/8        EV:  9    Int: 13    God:    Okawaru [**....]
Gold:   101        SH:  0    Dex: 13    Spells: 7/7 levels left

rFire    . . .     SeeInvis .   x - +4 mace
rCold    + . .     Gourm    .   (no shield)
rNeg     . . .     Faith    .   u - +1 scale mail {rPois}
rPois    +         Spirit   .   g - +2 helmet {Int+3}
rElec    .         Reflect  .   (no cloak)
rCorr    .         Harm     .   (no gloves)
MR       +....                  (no boots)
Stlth    ..........             (no amulet)
HPRegen  0.20/turn              p - ring of protection from magic
MPRegen  0.11/turn              w - ring of protection from cold

@: drained
A: no striking features
a: Heroism, Renounce Religion


You were on level 5 of the Dungeon.
You worshipped Okawaru.
Okawaru was pleased with you.
You were not hungry.

You visited 2 branches of the dungeon, and saw 6 of its levels.

You collected 101 gold pieces.

Inventory:

Hand Weapons
 a - a +0 hand axe
 x - a +4 mace (weapon)
Missiles
 f - 28 poisoned darts (quivered)
Armour
 g - a +2 helmet of intelligence (worn)
 h - a +1 chain mail
 u - a +1 scale mail of poison resistance (worn)
Jewellery
 m - an uncursed ring of ice
 p - a ring of protection from magic (left hand)
 w - a ring of protection from cold (right hand)
Wands
 q - a wand of paralysis (1)
 s - a wand of flame (13)
Scrolls
 d - 5 scrolls of identify {unknown}
 i - 2 scrolls of enchant armour
 j - 3 scrolls of blinking {unknown}
 k - a scroll of teleportation {unknown}
 o - a scroll of amnesia {unknown}
 t - a scroll of remove curse {unknown}
 v - a scroll of noise {unknown}
Potions
 b - 2 potions of haste {unknown}
 e - 2 potions of heal wounds {unknown}
 l - 3 potions of brilliance {unknown}
 n - a potion of invisibility {unknown}
 r - a potion of curing {unknown}
Comestibles
 c - 6 rations


   Skills:
 - Level 3.6(2.5) Fighting
 + Level 11.8(10.5) Axes
 - Level 2.4(1.4) Dodging
 - Level 1.5(0.5) Stealth


You had 7 spell levels left.
You didn't know any spells.
Your spell library was empty.

Dungeon Overview and Level Annotations

Branches:
Dungeon (5/15)             Temple (1/1) D:5

Altars:
Dithmenos
Elyvilon
Fedhas
Kikubaaqudgha
Makhleb
Nemelex Xobeh
Okawaru
Qazlal
Ru
Sif Muna
Trog
Vehumet
Wu Jian
Zin
The Shining One


Message History

You barely miss the ogre.
The ogre is moderately wounded.
The adder skeleton barely misses you. The ogre misses you.
The adder skeleton bites you but does no damage.
You hit the ogre.
The ogre is moderately wounded.
The ogre hits you with a +0 giant club!!
The adder skeleton bites you but does no damage.
You hit the ogre.
The ogre is severely wounded.
The ogre completely misses you. The adder skeleton barely misses you.
You hit the ogre but do no damage.
The ogre is severely wounded.
The adder skeleton closely misses you. The ogre hits you with a +0 giant club!
* * * LOW HITPOINT WARNING * * *
You barely miss the ogre.
The ogre is severely wounded.
The adder skeleton bites you but does no damage.
The ogre hits you with a +0 giant club!!
You die...

...#.#. ####........
###.... ..... #.....
#.... #....##..#.#
#...##..##.## .
#......##...##....
#.........@.......
#######......##O.Z##....
.......##.##..##.##. .
######.##..##..#.#..
#.###..##.....# #.#
##.O#.....#
#.....#....?...
#...#.#..#######
#.#.#.#.##


You could see an ogre and an adder skeleton.

Vanquished Creatures
  Sigmund (D:4)
  An ogre (D:4)
  A scorpion (D:4)
  4 wights (D:4)
  A hound (D:4)
  2 orc priests (D:4)
  An orc wizard (D:4)
  A bullfrog skeleton (D:4)
  Ijyb (D:4)
  2 worker ants (D:4)
  Robin (D:3)
  5 adders
  A shadow imp (D:4)
  4 worms
  A dart slug (D:1)
  2 leopard geckos
  10 orcs
  3 giant cockroaches
  12 hobgoblins
  4 jackals (D:2)
  4 kobolds
  A quokka (D:2)
  9 bats
  5 frilled lizards
  15 goblins
  A leopard gecko skeleton (D:4)
  7 rats
100 creatures vanquished.

Vanquished Creatures (others)
  An orc (D:5)
1 creature vanquished.

Grand Total: 101 creatures vanquished

Notes
Turn   | Place    | Note
-------+----------+-------------------------------------------
     0 | D:1      | Delamore the Hill Orc Monk began the quest for the Orb.
     0 | D:1      | Reached XP level 1. HP: 19/19 MP: 1/1
   332 | D:1      | Reached XP level 2. HP: 26/26 MP: 2/2
   476 | D:1      | Reached skill level 5 in Axes
   875 | D:1      | Reached XP level 3. HP: 31/31 MP: 3/3
  1338 | D:2      | Reached skill level 6 in Axes
  1464 | D:2      | Reached XP level 4. HP: 34/39 MP: 4/4
  2202 | D:3      | Noticed Robin
  2232 | D:3      | Reached skill level 7 in Axes
  2252 | D:3      | Killed Robin
  2395 | D:3      | Found a stormy altar of Qazlal.
  2438 | D:3      | Reached XP level 5. HP: 45/45 MP: 5/5
  2777 | D:3      | Found a faded altar of an unknown god.
  3211 | D:4      | Noticed an ogre
  3489 | D:4      | Reached skill level 8 in Axes
  3540 | D:4      | Killed an ogre
  3540 | D:4      | Reached XP level 6. HP: 31/51 MP: 6/6
  3707 | D:4      | Reached skill level 9 in Axes
  4075 | D:4      | Noticed Sigmund
  4093 | D:4      | Killed Sigmund
  4093 | D:4      | Reached skill level 10 in Axes
  4093 | D:4      | Reached XP level 7. HP: 25/57 MP: 7/7
  4379 | D:4      | Noticed Ijyb
  4381 | D:4      | Paralysed by Ijyb for 5 turns
  4396 | D:4      | Paralysed by Ijyb for 2 turns
  4410 | D:4      | Killed Ijyb
  4985 | D:4      | Reached skill level 11 in Axes
  5332 | D:4      | Reached XP level 8. HP: 52/64 MP: 8/8
  5478 | D:5      | Entered Level 5 of the Dungeon
  5502 | D:5      | Found a staircase to the Ecumenical Temple.
  5522 | Temple   | Entered the Ecumenical Temple
  5614 | Temple   | Became a worshipper of Warmaster Okawaru
  5614 | Temple   | Reached * piety under Okawaru
  5614 | Temple   | Reached ** piety under Okawaru
  5659 | D:5      | Slain by an ogre

Illustrated notes

Levels and vault maps discovered:
D:1:      nicolae_arrival_washed_ashore, layout_basic, minmay_misc_feat_tiny,
          kennysheep_boxes
D:2:      layout_rooms, chequers_serial_rivers_small_a, columned_hall_lemuel,
          fountainhead
D:3:      layout_basic, first_ration, chequers_ecumenical_altar_grove,
          nicolae_qazlal_general_emergency, uniq_robin
D:4:      layout_basic, uniq_sigmund, uniq_ijyb
D:5:      layout_basic, lemuel_round_altar, minmay_temple_entry_waves,
          serial_shops, nicolae_shop_behind_doors, shop, shop,
          nicolae_shop_crystal, lemuel_flamethrower_1, uniq_edmund
Temple:   regret_index_temple_waves

Skill      XL: |  1  2  3  4  5  6  7 |
---------------+----------------------+-----
Axes           | 5 6 7 8 10 11 | 11.8
Fighting       | |  3.6
Dodging        | |  2.4
Stealth        | |  1.5

Action                   |  1- 3 |  4- 6 |  7- 9 || total
-------------------------+-------+-------+-------++-------
Melee: Hand axe          |   108 |   233 |   101 ||   442
       Mace              |       |       |    26 ||    26
Throw: Dart              |       |    24 |       ||    24
  Use: Scroll            |       |     1 |       ||     1
 Stab: Sleeping          |     1 |       |       ||     1
  Eat: Chunk             |     2 |     5 |     3 ||    10
       Ration            |       |     1 |     1 ||     2
Armor: Chain mail        |    75 |   118 |    13 ||   206
       Robe              |     2 |       |       ||     2
       Scale mail        |       |       |    37 ||    37
Dodge: Dodged            |    41 |    67 |    41 ||   149
